| TOP OF THE 1ST |
|
St. Cloud Rox batting - Pitching for Sioux Falls Packers : LHP Michael Elliott
|
|
Pitching: LHP Michael Elliott
|
|
|
Batting: LHB Doran Perdue
|
0-0: Ball 1-0: Ball 2-0: Foul Ball, location: 2F 2-1: Ball 3-1: Fly out, F7 (Flyball, 7LM, EV 100.6 MPH)
|
|
Batting: LHB Tim Flannery
|
0-0: Foul Ball, location: 2F 0-1: Fly out, F8 (Line Drive, 8RM, EV 88.1 MPH)
|
|
Batting: SHB R J Reynolds
|
0-0: Ball 1-0: Called Strike 1-1: Ball 2-1: Ball 3-1: Base on Balls
|
|
Batting: RHB Domingos Maravilhas
|
0-0: SINGLE (Groundball, 5S, EV 71.3 MPH) (infield hit) R J Reynolds to second
|
|
Batting: RHB Ron Gardenhire
|
0-0: Called Strike 0-1: Swinging Strike 0-2: Strikes out swinging
|
| Top of the 1st over - 0 runs, 1 hit, 0 errors, 2 left on base; St. Cloud 0 - Sioux Falls 0 |
| BOTTOM OF THE 1ST |
|
Sioux Falls Packers batting - Pitching for St. Cloud Rox : RHP Tony Becerra
|
|
Pitching: RHP Tony Becerra
|
|
|
Batting: RHB Donald Devlin
|
0-0: Called Strike 0-1: Fly out, F7 (Line Drive, 7, EV 99.4 MPH)
|
|
Batting: RHB Javier Flores
|
0-0: Foul Ball, location: 2F 0-1: Ball 1-1: Fly out, F9 (Flyball, 9LM, EV 82.5 MPH)
|
|
Batting: LHB Pedro Nunez
|
0-0: Swinging Strike 0-1: Fly out, F7 (Flyball, 7S, EV 90.6 MPH)
|
| Bottom of the 1st over - 0 runs, 0 hits, 0 errors, 0 left on base; St. Cloud 0 - Sioux Falls 0 |
| TOP OF THE 2ND |
|
St. Cloud Rox batting - Pitching for Sioux Falls Packers : LHP Michael Elliott
|
|
Batting: RHB Rich Velasquez
|
0-0: Ball 1-0: Fly out, F9 (Flyball, 9LD, EV 91.9 MPH)
|
|
Batting: RHB Dennis Sherrill
|
0-0: Foul Ball, location: 2F 0-1: Ball 1-1: Foul Ball, location: 2F 1-2: Ball 2-2: Ground out 3-1 (Groundball, 34S, EV 85.6 MPH)
|
|
Batting: SHB Manny Galvez
|
0-0: Fly out, F6 (Popup, 6M, EV 72.5 MPH)
|
| Top of the 2nd over - 0 runs, 0 hits, 0 errors, 0 left on base; St. Cloud 0 - Sioux Falls 0 |
| BOTTOM OF THE 2ND |
|
Sioux Falls Packers batting - Pitching for St. Cloud Rox : RHP Tony Becerra
|
|
Batting: LHB Michael Wishnevski
|
0-0: Ball 1-0: Ball 2-0: Swinging Strike 2-1: Ball 3-1: Called Strike 3-2: Strikes out swinging
|
|
Batting: RHB Tracy Cowger
|
0-0: Foul Ball, location: 2F 0-1: Ball 1-1: Ball 2-1: Foul Ball, location: 2F 2-2: Fly out, F9 (Flyball, 9D, EV 103.8 MPH)
|
|
Batting: LHB Michael Robbins
|
0-0: Ball 1-0: Ball 2-0: Called Strike 2-1: Ball 3-1: Swinging Strike 3-2: Foul Ball, location: 2F 3-2: Foul Ball, location: 2F 3-2: Base on Balls
|
|
Batting: SHB Dan Hanggie
|
0-0: Fielders Choice at 2nd, 6-4 (Groundball, 6, EV 86.9 MPH)
|
| Bottom of the 2nd over - 0 runs, 0 hits, 0 errors, 1 left on base; St. Cloud 0 - Sioux Falls 0 |
| TOP OF THE 3RD |
|
St. Cloud Rox batting - Pitching for Sioux Falls Packers : LHP Michael Elliott
|
|
Batting: RHB Butch Benton
|
0-0: Called Strike 0-1: Called Strike 0-2: Ball 1-2: Ball 2-2: Ground out 4-3 (Groundball, 34, EV 106.9 MPH)
|
|
Batting: LHB Doran Perdue
|
0-0: Swinging Strike 0-1: Foul Ball, location: 2F 0-2: Ball 1-2: Foul Ball, location: 2F 1-2: Ball 2-2: Strikes out swinging
|
|
Batting: LHB Tim Flannery
|
0-0: Ball 1-0: Fly out, F4 (Line Drive, 4, EV 66.3 MPH)
|
| Top of the 3rd over - 0 runs, 0 hits, 0 errors, 0 left on base; St. Cloud 0 - Sioux Falls 0 |
| BOTTOM OF THE 3RD |
|
Sioux Falls Packers batting - Pitching for St. Cloud Rox : RHP Tony Becerra
|
|
Batting: LHB Richard Wilkinson
|
0-0: Ball 1-0: Fly out, F8 (Flyball, 8LS, EV 87.5 MPH)
|
|
Batting: RHB Francisco Perez
|
0-0: Ground out 5-3 (Groundball, 5, EV 81.9 MPH)
|
|
Batting: RHB Donald Devlin
|
0-0: Called Strike 0-1: Ball 1-1: Ground out 4-3 (Groundball, 4, EV 85.6 MPH)
|
| Bottom of the 3rd over - 0 runs, 0 hits, 0 errors, 0 left on base; St. Cloud 0 - Sioux Falls 0 |
| TOP OF THE 4TH |
|
St. Cloud Rox batting - Pitching for Sioux Falls Packers : LHP Michael Elliott
|
|
Batting: SHB R J Reynolds
|
0-0: DOUBLE (Line Drive, 3D, EV 97.5 MPH) - OUT at third base trying to stretch hit.
|
|
Batting: RHB Domingos Maravilhas
|
0-0: Ball 1-0: Ball 2-0: Foul Ball, location: 2F 2-1: Called Strike 2-2: DOUBLE (Line Drive, 78D, EV 100.0 MPH)
|
|
Batting: RHB Ron Gardenhire
|
0-0: Called Strike 0-1: Fly out, F5 (Line Drive, 5, EV 58.8 MPH)
|
|
Batting: RHB Rich Velasquez
|
0-0: Ball 1-0: Fly out, F7 (Flyball, 7LM, EV 98.8 MPH)
|
| Top of the 4th over - 0 runs, 2 hits, 0 errors, 1 left on base; St. Cloud 0 - Sioux Falls 0 |
| BOTTOM OF THE 4TH |
|
Sioux Falls Packers batting - Pitching for St. Cloud Rox : RHP Tony Becerra
|
|
Batting: RHB Javier Flores
|
0-0: Ball 1-0: Called Strike 1-1: Fly out, F9 (Flyball, 89M, EV 89.4 MPH)
|
|
Batting: LHB Pedro Nunez
|
0-0: Ball 1-0: Swinging Strike 1-1: SINGLE (Groundball, 34D, EV 103.8 MPH)
|
|
Batting: LHB Michael Wishnevski
|
0-0: Called Strike 0-1: Called Strike 0-2: Foul Ball, location: 2F 0-2: Strikes out swinging
|
|
Batting: RHB Tracy Cowger
|
0-0: Called Strike 0-1: Foul Ball, location: 2F 0-2: Ball 1-2: Strikes out looking
|
| Bottom of the 4th over - 0 runs, 1 hit, 0 errors, 1 left on base; St. Cloud 0 - Sioux Falls 0 |
| TOP OF THE 5TH |
|
St. Cloud Rox batting - Pitching for Sioux Falls Packers : LHP Michael Elliott
|
|
Batting: RHB Dennis Sherrill
|
0-0: Ball 1-0: SINGLE (Groundball, 56S, EV 68.8 MPH) (infield hit)
|
|
Batting: SHB Manny Galvez
|
0-0: Sac Bunt to 3S - play at first, batter OUT! 3-4 Dennis Sherrill to second
|
|
Batting: RHB Butch Benton
|
0-0: Ball 1-0: Ground out 4-3 (Groundball, 4, EV 100.6 MPH) Dennis Sherrill to third
|
|
Batting: LHB Doran Perdue
|
0-0: Ball 1-0: Ground out 2-3 (Groundball, 2R, EV 73.1 MPH)
|
| Top of the 5th over - 0 runs, 1 hit, 0 errors, 1 left on base; St. Cloud 0 - Sioux Falls 0 |
| BOTTOM OF THE 5TH |
|
Sioux Falls Packers batting - Pitching for St. Cloud Rox : RHP Tony Becerra
|
|
Batting: LHB Michael Robbins
|
0-0: Called Strike 0-1: Swinging Strike 0-2: Foul Ball, location: 2F 0-2: Ball 1-2: Ball 2-2: Strikes out looking
|
|
Batting: SHB Dan Hanggie
|
0-0: Ground out 4-3 (Groundball, 4, EV 82.5 MPH)
|
|
Batting: LHB Richard Wilkinson
|
0-0: Swinging Strike 0-1: Ball 1-1: Called Strike 1-2: Strikes out looking
|
| Bottom of the 5th over - 0 runs, 0 hits, 0 errors, 0 left on base; St. Cloud 0 - Sioux Falls 0 |
| TOP OF THE 6TH |
|
St. Cloud Rox batting - Pitching for Sioux Falls Packers : LHP Michael Elliott
|
|
Batting: LHB Tim Flannery
|
0-0: Swinging Strike 0-1: Fly out, F8 (Line Drive, 8RM, EV 85.6 MPH)
|
|
Batting: SHB R J Reynolds
|
0-0: SINGLE (Groundball, 56S, EV 63.8 MPH) (infield hit)
|
|
Batting: RHB Domingos Maravilhas
|
0-0: Ball R J Reynolds is caught stealing 2nd base 2-4 1-0: Called Strike 1-1: Called Strike 1-2: Foul Ball, location: 2F 1-2: Reached on error, E5 (Groundball, 56S, EV 90.6 MPH)
|
|
Batting: RHB Ron Gardenhire
|
0-0: Called Strike 0-1: SINGLE (Flyball, 4D, EV 86.3 MPH) Domingos Maravilhas to second Runner from 2nd tries for 3rd, SAFE, no throw by CF
|
|
Batting: RHB Rich Velasquez
|
0-0: Ball 1-0: Foul Ball, location: 2F 1-1: Called Strike 1-2: Ground out 6-3 (Groundball, 6M, EV 99.4 MPH)
|
| Top of the 6th over - 0 runs, 2 hits, 1 error, 2 left on base; St. Cloud 0 - Sioux Falls 0 |
| BOTTOM OF THE 6TH |
|
Sioux Falls Packers batting - Pitching for St. Cloud Rox : RHP Tony Becerra
|
|
Batting: RHB Francisco Perez
|
0-0: Ball 1-0: Foul Ball, location: 2F 1-1: Swinging Strike 1-2: Foul Ball, location: 2F 1-2: SINGLE (Groundball, 34D, EV 101.9 MPH)
|
|
Batting: RHB Donald Devlin
|
0-0: Ball 1-0: Ball 2-0: Called Strike 2-1: Foul Ball, location: 2F 2-2: Ball 3-2: Base on Balls Francisco Perez to second
|
|
Batting: RHB Javier Flores
|
0-0: Sac Bunt to 23 - play at first, batter OUT! 3-4 Francisco Perez to third Donald Devlin to second
|
|
Batting: LHB Pedro Nunez
|
0-0: SINGLE (Line Drive, 9LM, EV 108.8 MPH) Francisco Perez scores Donald Devlin to third Runner from 3rd tries for Home, SAFE, no throw by RF
|
|
Batting: LHB Michael Wishnevski
|
0-0: Ball 1-0: Ball 2-0: SINGLE (Groundball, 4D, EV 101.9 MPH) Pedro Nunez to second
|
|
Batting: RHB Tracy Cowger
|
0-0: Ball 1-0: Ball 2-0: Called Strike 2-1: Foul Ball, location: 2F 2-2: Ball 3-2: Grounds into double play, 4-6-3 (Groundball, 4, EV 100.0 MPH)
|
| Bottom of the 6th over - 2 runs, 3 hits, 0 errors, 1 left on base; St. Cloud 0 - Sioux Falls 2 |
| TOP OF THE 7TH |
|
St. Cloud Rox batting - Pitching for Sioux Falls Packers : LHP Michael Elliott
|
|
Batting: RHB Dennis Sherrill
|
0-0: Foul Ball, location: 2F 0-1: Foul Ball, location: 2F 0-2: Foul Ball, location: 2F 0-2: Ball 1-2: Ball 2-2: Ground out U3 (Groundball, 34, EV 106.9 MPH)
|
|
Batting: SHB Manny Galvez
|
0-0: Ball 1-0: Ball 2-0: Called Strike 2-1: Foul Ball, location: 2F 2-2: Ball 3-2: Foul Ball, location: 2F 3-2: Fly out, F7 (Flyball, 7LM, EV 91.3 MPH)
|
|
Batting: RHB Butch Benton
|
0-0: Ball 1-0: Swinging Strike 1-1: Ball 2-1: Fly out, F8 (Flyball, 8RS, EV 85.6 MPH)
|
| Top of the 7th over - 0 runs, 0 hits, 0 errors, 0 left on base; St. Cloud 0 - Sioux Falls 2 |
| BOTTOM OF THE 7TH |
|
Sioux Falls Packers batting - Pitching for St. Cloud Rox : RHP Tony Becerra
|
|
Batting: LHB Michael Robbins
|
0-0: Called Strike 0-1: Swinging Strike 0-2: Ball 1-2: Foul Ball, location: 2F 1-2: Foul Ball, location: 2F 1-2: Ball 2-2: Ball 3-2: Strikes out swinging
|
|
Batting: SHB Dan Hanggie
|
0-0: TRIPLE (Line Drive, 89XD, EV 105.6 MPH)
|
|
Batting: LHB Richard Wilkinson
|
0-0: Intentional Walk
|
|
Batting: RHB Francisco Perez
|
0-0: Called Strike 0-1: Foul Ball, location: 2F 0-2: Ball 1-2: Ball 2-2: Strikes out looking
|
|
Batting: RHB Donald Devlin
|
0-0: Ball 1-0: Called Strike 1-1: Foul Ball, location: 2F 1-2: Foul Ball, location: 2F 1-2: Ball 2-2: Fielders Choice at 2nd, 6-4 (Groundball, 6, EV 101.9 MPH)
|
| Bottom of the 7th over - 0 runs, 1 hit, 0 errors, 2 left on base; St. Cloud 0 - Sioux Falls 2 |
| TOP OF THE 8TH |
|
St. Cloud Rox batting - Pitching for Sioux Falls Packers : LHP Michael Elliott
|
|
Batting: LHB Doran Perdue
|
0-0: Foul Ball, location: 2F 0-1: Ball 1-1: Ball 2-1: Ball 3-1: Ground out 6-3 (Groundball, 6S, EV 90.0 MPH)
|
|
Batting: LHB Tim Flannery
|
0-0: Fly out, F9 (Flyball, 9D, EV 100.0 MPH)
|
|
Batting: SHB R J Reynolds
|
0-0: Ball 1-0: Called Strike 1-1: Fly out, F8 (Flyball, 8RXD, EV 105.0 MPH)
|
| Top of the 8th over - 0 runs, 0 hits, 0 errors, 0 left on base; St. Cloud 0 - Sioux Falls 2 |
| BOTTOM OF THE 8TH |
|
Sioux Falls Packers batting - Pitching for St. Cloud Rox : RHP Tony Becerra
|
|
Pitching: RHP Adrian Meagher
|
|
|
Batting: RHB Javier Flores
|
0-0: Called Strike 0-1: Called Strike 0-2: Ground out 4-3 (Groundball, 4, EV 109.4 MPH)
|
|
Batting: LHB Pedro Nunez
|
0-0: Foul Ball, location: 2F 0-1: Ball 1-1: DOUBLE (Line Drive, 7LS, EV 108.8 MPH)
|
|
Batting: LHB Michael Wishnevski
|
0-0: Intentional Walk
|
|
Batting: RHB Tracy Cowger
|
0-0: Fly out, F9 (Flyball, 89D, EV 90.6 MPH) Runner from 2nd tags up, SAFE at 3rd, no throw by RF
|
|
Batting: LHB Michael Robbins
|
0-0: Ball 1-0: Ball 2-0: DOUBLE (Line Drive, 5D, EV 108.1 MPH) Pedro Nunez scores Michael Wishnevski to third Runner from 3rd tries for Home, SAFE, throw by LF to home
|
|
Batting: SHB Dan Hanggie
|
0-0: Ball 1-0: Ball Wild Pitch! Michael Robbins to third 2-0: Called Strike 2-1: Foul Ball, location: 2F 2-2: Fly out, F8 (Flyball, 8LM, EV 87.5 MPH)
|
| Bottom of the 8th over - 2 runs, 2 hits, 0 errors, 1 left on base; St. Cloud 0 - Sioux Falls 4 |
| TOP OF THE 9TH |
|
St. Cloud Rox batting - Pitching for Sioux Falls Packers : LHP Michael Elliott
|
|
Batting: RHB Domingos Maravilhas
|
0-0: Ball 1-0: Swinging Strike 1-1: Called Strike 1-2: Ball 2-2: Strikes out looking
|
|
Batting: RHB Ron Gardenhire
|
0-0: Ball 1-0: Foul Ball, location: 2F 1-1: Called Strike 1-2: Ball 2-2: Ball 3-2: Foul Ball, location: 2F 3-2: Ground out 5-3 (Groundball, 56S, EV 72.5 MPH)
|
|
Batting: RHB Rich Velasquez
|
0-0: Swinging Strike 0-1: Ball 1-1: Ball 2-1: Foul Ball, location: 2F 2-2: Ball 3-2: Foul Ball, location: 2F 3-2: Fly out, F8 (Flyball, 8RD, EV 91.3 MPH)
|
| Top of the 9th over - 0 runs, 0 hits, 0 errors, 0 left on base; St. Cloud 0 - Sioux Falls 4 |
|